 Dungeon Sprint DCSS version 0.19.5 (webtiles) character file.

4 equalderp2856 the Scratcher (level 1, -1/10 HPs)
             Began as a Felid Fighter on Mar 10, 2017.
             Was an Initiate of Gozag.
             Slain by a hobgoblin
             ... wielding a +0 club
              (7 damage)
             ... in the Dungeon (Sprint VII: "The Pits").
             The game lasted 00:00:21 (73 turns).

equalderp2856 the Scratcher (Felid Fighter)           Turns: 73, Time: 00:00:21

Health: -1/10      AC:  1    Str: 12    XL:     1   Next: 50%
Magic:  2/2        EV: 19    Int:  9    God:    Gozag
Gold:   63         SH:  0    Dex: 15    Spells: 0 memorised, 0 levels left
                                        Lives:  0   Deaths: 0

rFire  . . .     SeeInvis +       - Unarmed
rCold  . . .     Gourm    .     (armour unavailable)
rNeg   . . .     Faith    .     (shield unavailable)
rPois  .         Spirit   .     (helmet unavailable)
rElec  .         Reflect  .     (cloak unavailable)
rCorr  .         Harm     .     (gloves unavailable)
MR     .....     NoTele   +     (boots unavailable)
Stlth  ++........               (no amulet)
                                (no ring)
                                (no ring)

@: quick
A: no armour, no weapons or thrown items, stealth, claws 1, fangs 3, see
invisible, carnivore 3, speed 1, shaggy fur 1, slow metabolism 1, sharp paws
a: Potion Petition, Call Merchant, Bribe Branch, Renounce Religion


You were in the Dungeon.
You worshipped Gozag.
Gozag was noncommittal.
You were not hungry.

You visited 1 branch You collected 63 gold pieces.

Inventory:

Scrolls
 h - a scroll of blinking
Potions
 a - a potion of might
 c - a potion of curing
 d - a potion of heal wounds
 e - a potion of haste
 f - 2 potions of magic
 g - a potion of berserk rage
Comestibles
 b - a meat ration


   Skills:
 + Level 3.4 Fighting
 + Level 4.2 Dodging
 + Level 4.6 Unarmed Combat


You couldn't memorise any spells.
You didn't know any spells.

Dungeon Overview and Level Annotations

Branches:
Dungeon (1/1)

Altars:
Ashenzari
Cheibriados
Dithmenos
Elyvilon
Fedhas
Gozag
Hepliaklqana
Kikubaaqudgha
Makhleb
Nemelex Xobeh
Okawaru
Qazlal
Ru
Sif Muna
Trog
Uskayaw
Vehumet
Xom
Yredelemnul
Zin
The Shining One
Beogh
Jiyva
Lugonu


Innate Abilities, Weirdness & Mutations

You cannot wear armour.
You are incapable of wielding weapons or throwing items.
Your paws allow you to move quietly. (Stealth)
You have sharp claws.
You have razor-sharp teeth.
You have supernaturally acute eyesight. (SInv)
You are carnivorous and can eat meat at any time.
You cover ground quickly.
You are covered in fur. (AC +1)
You have a slow metabolism.
Your sharp claws are effective at attacking unaware monsters.


Message History

There is an open door here.
You pounce on the unaware helpless leopard gecko!
You claw the leopard gecko!
You kill the leopard gecko!
You open the door.
You now have 63 gold pieces.
There is an open door here.
You open the door.
A giant cockroach and a hobgoblin come into view.
The hobgoblin shouts!
You closely miss the hobgoblin. The hobgoblin misses you.
You scratch the hobgoblin.
The hobgoblin is lightly wounded.
The hobgoblin hits you with a club.
You scratch the hobgoblin but do no damage.
The hobgoblin is lightly wounded.
The hobgoblin hits you with a club!
Ouch! That really hurt!
You die...
Your body crumbles into a pile of gold.

+.##......#..#.
##########.##...........
#...........'...........
#+#####'#####......#..#.
#...'.##...........
#...#.#####'#####++
#####.##.......#
+...#.##.......#
+..sg@##.......#
########...<...#
#.......# #.......#
#.......# #########


You could see a giant cockroach and a hobgoblin.

Vanquished Creatures
  A leopard gecko (D)
  A bat skeleton (D)
  A rat (D)
3 creatures vanquished.

Notes
Turn   | Place    | Note
-------+----------+-------------------------------------------
     0 | D        | equalderp2856 the Felid Fighter began the quest for the Orb.
     0 | D        | Reached XP level 1. HP: 10/10 MP: 2/2
    32 | D        | Found a radiant altar of Vehumet.
    32 | D        | Found a hide-covered altar of Uskayaw.
    32 | D        | Found an ancient bone altar of Kikubaaqudgha.
    32 | D        | Found a viscous altar of Jiyva.
    32 | D        | Found a hazy altar of Hepliaklqana.
    33 | D        | Found a bloodstained altar of Trog.
    33 | D        | Found a deep blue altar of Sif Muna.
    33 | D        | Found a sacrificial altar of Ru.
    33 | D        | Found a stormy altar of Qazlal.
    33 | D        | Found an iron altar of Okawaru.
    33 | D        | Found a sparkling altar of Nemelex Xobeh.
    33 | D        | Found an opulent altar of Gozag.
    33 | D        | Found a blossoming altar of Fedhas.
    33 | D        | Found a white marble altar of Elyvilon.
    33 | D        | Found a shadowy altar of Dithmenos.
    33 | D        | Found a snail-covered altar of Cheibriados.
    34 | D        | Found a glowing golden altar of the Shining One.
    34 | D        | Found a glowing silver altar of Zin.
    35 | D        | Found a burning altar of Makhleb.
    35 | D        | Found a basalt altar of Yredelemnul.
    35 | D        | Found a roughly hewn altar of Beogh.
    36 | D        | Found a corrupted altar of Lugonu.
    36 | D        | Found a shimmering altar of Xom.
    36 | D        | Found a shattered altar of Ashenzari.
    39 | D        | Became a worshipper of Gozag Ym Sagoz the Greedy
    73 | D        | Slain by a hobgoblin

Action                   || total
-------------------------++-------
Melee: Unarmed           ||     8
 Stab: Sleeping          ||     2
Dodge: Dodged            ||     2
